 Dungeon Crawl Stone Soup version 0.30-a0-29-g142975f185 (webtiles) character file.

Game seed: 3479665106410040923

187340 Pooter the Executioner (level 17, -12/159 HPs)
             Began as a Minotaur Berserker on Aug 25, 2022.
             Was a High Priest of Trog.
             Mangled by a spark wasp (18 damage)
             ... on level 4 of the Spider Nest on Aug 26, 2022.
             The game lasted 03:28:03 (40632 turns).

Pooter the Executioner (Minotaur Berserker)        Turns: 40632, Time: 03:28:04

Health: -12/159    AC: 31    Str: 28 (29) XL:     17   Next: 87%
Magic:  0/16       EV: 13    Int:  6      God:    Trog [*****.]
Gold:   1884       SH:  0    Dex:  9      Spells: 16/16 levels left

rFire   + + .      SeeInvis +    a - +7 battleaxe (elec)
rCold   + + .      Faith    .    (shield currently unavailable)
rNeg    . . .      Spirit   +    S - +9 plate armour
rPois   +          Reflect  .    p - +2 hat {SInv}
rElec   +          Harm     .    W - scarf {rC+ rF+}
rCorr   +          Rampage  .    B - +2 pair of gloves
Will    +++..                    j - +1 pair of boots
Stlth   ..........               G - amulet of guardian spirit
HPRegen 1.36/turn                e - +4 ring of evasion
MPRegen 0.15/turn                C - ring of resist corrosion

@: mighty, lethally poisoned (-12 -> -34), resistant, strong-willed, on berserk
cooldown, regenerating, slowed, very slow
A: horns 2, retaliatory headbutt, see invisible, poison resistance
a: Renounce Religion, Berserk, Trog's Hand, Brothers in Arms


You were on level 4 of the Spider Nest.
You worshipped Trog.
Trog was extremely pleased with you.
You visited 5 branches of the dungeon, and saw 27 of its levels.
You also visited: Sewer and Ice Cave.

You collected 3191 gold pieces.
You spent 1307 gold pieces at shops.

Inventory:

Hand Weapons
 a - a +7 battleaxe of electrocution (weapon)
   (You took it off a wight on level 5 of the Dungeon)
 b - a +1 arbalest of flaming
   (You took it off an orc warrior on level 2 of the Orcish Mines)
 M - a +3 antimagic executioner's axe
   (Trog gifted it to you in an ice cave)
Missiles
 c - 4 atropa-tipped darts
 z - 5 javelins
 O - 53 poisoned darts (quivered)
 X - 6 boomerangs
Armour
 j - a +1 pair of boots (worn)
   (You found it on level 1 of the Dungeon)
 p - a +2 hat of see invisible (worn)
   (You took it off Gastronok on level 1 of the Lair of Beasts)
 B - a +2 pair of gloves (worn)
   (You found it on level 2 of the Spider Nest)
 P - a scarf of invisibility
   (You found it on level 7 of the Dungeon)
 S - a +9 plate armour (worn)
   (You took it off an orc warrior on level 1 of the Orcish Mines)
 V - a scarf of repulsion
   (You bought it in a shop on level 10 of the Dungeon)
 W - a scarf of resistance (worn)
   (You found it in an ice cave)
Jewellery
 e - a +4 ring of evasion (left hand)
   (You found it on level 1 of the Dungeon)
 h - a +4 ring of evasion
   (You took it off a hobgoblin on level 3 of the Dungeon)
 C - a ring of resist corrosion (right hand)
   (You found it on level 2 of the Dungeon)
 F - a ring of protection from fire
   (You found it on level 13 of the Dungeon)
 G - an amulet of guardian spirit (around neck)
   (You found it on level 11 of the Dungeon)
 I - a ring of protection from cold
   (You found it in an ice cave)
 L - an amulet of reflection
   (You bought it in a shop on level 2 of the Dungeon)
 N - a ring of positive energy
   (You found it on level 12 of the Dungeon)
 Z - a ring of willpower
   (You found it on level 6 of the Dungeon)
Wands
 d - a wand of iceblast (3)
   (You found it on level 1 of the Spider Nest)
 f - a wand of flame (8)
   (You found it on level 8 of the Dungeon)
 s - a wand of polymorph (2)
   (You found it on level 10 of the Dungeon)
 D - a wand of digging (14)
   (You found it on level 9 of the Dungeon)
 J - a wand of charming (4)
   (You found it on level 1 of the Spider Nest)
 T - a wand of mindburst (1)
   (You found it on level 1 of the Spider Nest)
Scrolls
 g - 2 scrolls of magic mapping
 i - 13 scrolls of identify {@r1}
 q - 6 scrolls of fear
 t - 6 scrolls of teleportation {@r4}
 v - 3 scrolls of blinking
 x - 3 scrolls of butterflies
 H - 2 scrolls of poison {!r}
 U - a scroll of summoning
Potions
 k - 2 potions of haste {@q3}
 n - 3 potions of flight
 o - 4 potions of mutation {!q}
 r - 9 potions of heal wounds {@q2}
 w - 10 potions of curing {@q1}
 y - 3 potions of ambrosia
 E - 6 potions of lignification {!q}
 K - a potion of invisibility
 Q - 5 potions of attraction {!q}
 Y - 2 potions of cancellation
Miscellaneous
 l - a tin of tremorstones (2/2)
   (You found it on level 9 of the Dungeon)
 m - a lightning rod (4/4) {!a}
   (You found it on level 9 of the Dungeon)


   Skills:
 + Level 16.4 Fighting
 * Level 22.4 Axes
 + Level 18.0 Ranged Weapons
 - Level 7.5 Throwing
 - Level 9.4 Armour
 + Level 5.8 Dodging
 + Level 4.3 Stealth
 - Level 10.8 Evocations


You had 16 spell levels left.
You didn't know any spells.
Your spell library was empty.

Dungeon Overview and Level Annotations

Branches:
Dungeon (15/15)            Temple (0/1) D:6            Lair (5/5) D:10
 Shoals (0/4) Lair:2       Spider (4/4) Lair:2        Slime (0/5) Lair:4
    Orc (2/2) D:10            Elf (1/3) Orc:2        Vaults (0/5) D:14
 Depths (0/4) D:15          Sewer (visited)           IceCv (visited)

Altars:
Cheibriados
Dithmenos
Elyvilon
Fedhas
Kikubaaqudgha
Makhleb
Nemelex Xobeh
Qazlal
Sif Muna
Trog
Xom
Zin
The Shining One

Shops:
D:1 [   D:2 =   D:6 **   D:10 [   D:11 (   Orc:1 (   Orc:2 [!![

Annotations:
D:9 2 transporters


Innate Abilities, Weirdness & Mutations

You have a pair of horns on your head.
You reflexively headbutt those who attack you in melee.
You have supernaturally acute eyesight. (SInv)
Your system is resistant to poisons. (rPois)


Message History

* * * LOW MAGIC WARNING * * *
* * * LOW HITPOINT WARNING * * *
The emperor scorpion claws you but does no damage.
The emperor scorpion closely misses you.
The spark wasp is engulfed in poison gas.
The spark wasp is poisoned.
The emperor scorpion barely misses you. The emperor scorpion claws you!
* * * LOW MAGIC WARNING * * *
* * * LOW HITPOINT WARNING * * *
The emperor scorpion claws you but does no damage.
You feel much better.
You are engulfed in blazing flames.
You resist.
You feel very sick. The emperor scorpion misses you.
The emperor scorpion claws you.
* * * LOW HITPOINT WARNING * * *
The emperor scorpion claws you!
* * * LOW MAGIC WARNING * * *
* * * LOW HITPOINT WARNING * * *
The spark wasp is engulfed in blazing flames.
The spark wasp stings you but does no damage.
The emperor scorpion stings you but does no damage.
The emperor scorpion completely misses you.
The emperor scorpion closely misses you.
The spark wasp is engulfed in blazing flames.
The spark wasp stings you but does no damage.
The moth of wrath is engulfed in poison gas.
The moth of wrath looks even sicker.
The emperor scorpion stings you!!
* * * LOW MAGIC WARNING * * *
* * * LOW HITPOINT WARNING * * *
The emperor scorpion claws you but does no damage. x2
You feel very mighty all of a sudden.
You are engulfed in blazing flames.
You resist.
* * * LOW MAGIC WARNING * * *
* * * LOW HITPOINT WARNING * * *
You feel very sick.
The spark wasp stings you but does no damage.
The emperor scorpion stings you!!
* * * LOW MAGIC WARNING * * *
* * * LOW HITPOINT WARNING * * *
You are lethally poisoned!
The emperor scorpion poisons you! The emperor scorpion barely misses you.
The emperor scorpion completely misses you.
The moth of wrath is engulfed in poison gas.
The moth of wrath looks as sick as possible!
The spark wasp closely misses you.
The emperor scorpion stings you but does no damage.
The emperor scorpion claws you but does no damage. x2
The moth of wrath looks as sick as possible!
The spark wasp stings you!!
* * * LOW MAGIC WARNING * * *
You die...

##....## #.^###...#
#.....# ####~..~###
##^..~## #....## #
#..~### ##^†.~## #
#..## #+##~..##^###
#...# .[##~..##..'†
###..~# ![☼##~......''
#...#####!☼!###......''
#~.~##@sy# ##~...~###
#~.☼.~○yy# #.....## #
##○.○.~##...##...~## #
#..#### ..##.^### #
##.## ☼##~..## #^.##
###..~### #...###
#####.....##
#.....###...###...~##
##....~##.~~.##.....#


You could see an emperor scorpion (berserk), a spark wasp (poisoned), a moth of
wrath (extremely poisoned) and a hornet (inner flame).

Vanquished Creatures
  Jorgrun (D:14)
  Rupert (D:15)
  Kirke (Elf:1)
  Gastronok (Lair:1)
  A frost giant (IceCv)
  5 emperor scorpions
  Louise (D:15)
  6 ghost moths
  A broodmother (Spider:3)
  6 entropy weavers
  3 spark wasps
  The ghost of SensoryNuts the Severer, a journeyman HOFi of Beogh (Orc:2)
  Josephine (Orc:1)
  2 fire dragons
  Snorg (D:14)
  An ogre mage (D:10)
  7 boulder beetles
  Erica (Lair:1)
  4 radroaches
  7 hydras
  2 catoblepae
  7 centaur warriors
  A death knight (D:9)
  10 death yaks
  3 tengu warriors
  10 two-headed ogres
  3 orc high priests (Orc:2)
  A satyr (shapeshifter) (D:10)
  A fire crab (Lair:5)
  5 pharaoh ants
  5 skeletal warriors (D:13)
  7 orb spiders
  2 steelbarb worms
  3 lindwurms (Lair:5)
  5 wizards
  6 deep elf zephyrmancers (Elf:1)
  A necromancer (D:15)
  6 orc knights
  A wolf spider zombie (D:15)
  3 deep elf pyromancers
  5 orc sorcerers
  22 wolf spiders
  An oklob plant (Lair:5)
  6 manticores
  5 ugly things
  7 cyclopes
  22 elephants
  An ice statue (IceCv)
  A moth of wrath (Spider:3)
  11 black mambas
  3 gargoyles
  A guardian serpent (shapeshifter) (D:14)
  A naga mage (D:15)
  A centaur skeleton (D:15)
  10 torpor snails
  Psyche (D:9)
  A freezing wraith (D:9)
  2 rime drakes (shapeshifter) (D:14)
  3 kobold demonologists
  6 komodo dragons
  An unseen horror (shapeshifter) (D:13)
  8 cane toads
  13 rime drakes
  An unseen horror (D:13)
  8 demonic crawlers
  A harpy zombie (D:15)
  3 efreet
  A tengu conjurer (D:14)
  A wolf spider simulacrum (D:15)
  6 trolls
  16 hornets
  13 polar bears
  A queen bee (Spider:3)
  6 meliai (Spider:3)
  Prince Ribbit (D:8)
  A troll (shapeshifter) (D:13)
  12 slime creatures
  18 tarantellas
  A dream sheep (shapeshifter) (D:15)
  9 blink frogs
  3 tyrant leeches (Lair:5)
  3 raiju (Lair:5)
  26 jumping spiders
  A meliai zombie (D:15)
  A snapping turtle (Lair:2)
  Sigmund (D:5)
  An air elemental (Elf:1)
  25 culicivoras
  11 wraiths
  2 vampires
  2 shadows
  Eustachio (D:4)
  40 yaks
  4 wyverns
  5 hogs (Elf:1)
  3 basilisks (Lair:5)
  A steam dragon (D:9)
  7 vampire mosquitoes
  86 redbacks
  9 wargs
  5 acid dragons
  18 water moccasins
  14 hell hounds (Lair:5)
  3 floating eyes (D:13)
  14 black bears
  2 ice beasts
  4 sky beasts
  23 orc warriors
  5 ogres
  34 wolves
  16 centaurs
  7 kobold brigands
  3 gnoll sergeants
  19 bullfrogs
  2 necrophages (D:5)
  4 scorpions
  2 water moccasin zombies (D:5)
  12 wights
  19 killer bees
  4 electric eels
  5 howler monkeys
  A vampire bat (Lair:4)
  A crimson imp (D:4)
  4 bullfrog zombies (D:5)
  4 hounds
  A human zombie (D:5)
  5 jellies
  Crazy Yiuf (D:2)
  17 orc priests
  A gnoll bouda (D:9)
  3 iguanas
  A scorpion zombie (D:5)
  28 orc wizards
  A hell rat (Sewer)
  A mummy (D:5)
  9 adders
  16 gnolls
  2 river rats (Sewer)
  2 shadow imps (D:8)
  2 white imps
  2 ufetubi (D:5)
  5 worms
  4 dart slugs
  68 orcs
  9 endoplasms
  6 giant cockroaches
  2 goblins
  8 hobgoblins
  6 jackals
  5 quokkas
  5 ball pythons
  12 bats
  2 frilled lizards (D:1)
  A goblin skeleton (D:4)
  A hobgoblin zombie (D:4)
  22 kobolds
  3 kobold skeletons (D:4)
  4 kobold zombies (D:4)
  An orc skeleton (D:4)
  2 orc zombies (D:4)
  11 rats
  A fungus (Lair:5)
  2 plants (Lair:5)
1094 creatures vanquished.

Vanquished Creatures (collateral kills)
  A frilled lizard (D:2)
1 creature vanquished.

Vanquished Creatures (others)
  A polar bear (IceCv)
  A hog (Elf:1)
  A wolf (IceCv)
  A butterfly (Lair:4)
  18 fungi
  60 plants
82 creatures vanquished.

Grand Total: 1177 creatures vanquished

Notes
Turn   | Place    | Note
-------+----------+-------------------------------------------
     0 | D:1      | Pooter the Minotaur Berserker began the quest for the Orb.
     0 | D:1      | Reached XP level 1. HP: 19/19 MP: 0/0
    92 | D:1      | Reached skill level 4 in Axes
   139 | D:1      | Reached XP level 2. HP: 23/27 MP: 1/1
   486 | D:1      | Reached ** piety under Trog
   914 | D:1      | Reached XP level 3. HP: 33/33 MP: 2/2
   923 | D:1      | Found Aseugi's Armour Boutique.
  1127 | D:2      | Found Soenaoqi's Jewellery Boutique.
  1188 | D:2      | Reached skill level 5 in Axes
  1226 | D:2      | Found a faded altar of an unknown god.
  1475 | D:2      | Found a runed translucent door.
  1476 | D:2      | Noticed Crazy Yiuf
  1519 | D:2      | Reached XP level 4. HP: 41/41 MP: 3/3
  1947 | D:3      | Found a snail-covered altar of Cheibriados.
  2314 | D:3      | Reached *** piety under Trog
  2330 | D:3      | Reached skill level 6 in Axes
  2457 | D:3      | Found a shadowy altar of Dithmenos.
  2463 | D:3      | Found a bloodstained altar of Trog.
  2466 | D:3      | Found a shimmering altar of Xom.
  2818 | D:4      | Reached XP level 5. HP: 42/47 MP: 4/4
  2833 | D:4      | Reached skill level 5 in Fighting
  2833 | D:4      | Reached skill level 1 in Ranged Weapons
  2847 | D:4      | Found a stormy altar of Qazlal.
  2874 | D:4      | Noticed a black bear
  2882 | D:4      | Killed a black bear
  2883 | D:4      | Reached XP level 6. HP: 56/56 MP: 5/5
  2927 | D:4      | Found a glowing drain.
  2953 | D:4      | Reached skill level 7 in Axes
  2956 | Sewer    | Entered a sewer
  3200 | D:4      | Reached XP level 7. HP: 62/62 MP: 6/6
  3390 | D:4      | Found a sparkling altar of Nemelex Xobeh.
  3474 | D:4      | Found a glowing golden altar of the Shining One.
  3479 | D:4      | Noticed Eustachio
  3491 | D:4      | Killed Eustachio
  3498 | D:4      | Reached skill level 8 in Axes
  3582 | D:5      | Entered Level 5 of the Dungeon
  3702 | D:5      | Reached **** piety under Trog
  3771 | D:5      | Reached skill level 5 in Ranged Weapons
  3779 | D:5      | Noticed Sigmund
  3798 | D:5      | Killed Sigmund
  3799 | D:5      | Reached XP level 8. HP: 71/71 MP: 7/7
  3918 | D:5      | Found an ancient bone altar of Kikubaaqudgha.
  3941 | D:5      | Reached skill level 9 in Axes
  4576 | D:5      | Reached skill level 10 in Axes
  4621 | D:5      | Reached XP level 9. HP: 79/79 MP: 8/8
  4988 | D:2      | Bought an amulet of reflection for 390 gold pieces
  5158 | D:6      | Identified the +7 mace of the Howling Gods {freeze, Int+4}
  5277 | D:6      | Found a staircase to the Ecumenical Temple.
  5396 | D:6      | Found Dinywuacw's General Store.
  5399 | D:6      | Found Yfuentush's Specific Store.
  5410 | D:6      | Paralysed by a hornet for 1 turns
  5467 | D:6      | Bought a scroll of identify for 28 gold pieces
  5559 | D:6      | Reached skill level 11 in Axes
  5605 | D:6      | Found a white marble altar of Elyvilon.
  5830 | D:6      | Found a burning altar of Makhleb.
  6133 | D:6      | Found a glowing silver altar of Zin.
  6133 | D:6      | Found a shimmering blue altar of Sif Muna.
  7101 | D:8      | Noticed Prince Ribbit
  7110 | D:7      | Reached XP level 10. HP: 85/90 MP: 9/9
  7189 | D:8      | Killed Prince Ribbit
  7190 | D:8      | Reached skill level 12 in Axes
  7359 | D:8      | Reached skill level 10 in Ranged Weapons
  7359 | D:8      | Reached skill level 1 in Evocations
  7583 | D:8      | Found a transporter.
  7618 | D:8      | Found a transporter.
  8329 | D:9      | Noticed a cyclops
  8336 | D:9      | Killed a cyclops
  8337 | D:9      | Reached skill level 13 in Axes
  8501 | D:9      | Found a transporter.
  8507 | D:9      | Found a transporter.
  8985 | D:9      | Paralysed by a hornet for 1 turns
  9233 | D:9      | Noticed a death knight
  9233 | D:9      | Noticed a boulder beetle
  9243 | D:9      | Killed a death knight
  9244 | D:9      | Reached XP level 11. HP: 67/99 MP: 10/10
  9255 | D:9      | Killed a boulder beetle
  9256 | D:9      | Reached skill level 10 in Fighting
  9580 | D:9      | Noticed a tengu warrior
  9869 | D:9      | Killed a tengu warrior
  9870 | D:9      | Reached skill level 14 in Axes
  9925 | D:9      | Noticed a two-headed ogre
  9928 | D:9      | Killed a two-headed ogre
 10396 | D:9      | Found a transporter.
 10469 | D:9      | Found a transporter.
 10520 | D:9      | Noticed a boulder beetle
 10528 | D:9      | Killed a boulder beetle
 10592 | D:9      | Noticed Psyche
 10595 | D:9      | Killed Psyche
 10664 | D:10     | Entered Level 10 of the Dungeon
 10666 | D:10     | Noticed a two-headed ogre
 10672 | D:10     | Killed a two-headed ogre
 10763 | D:10     | Found a staircase to the Orcish Mines.
 10772 | Orc:1    | Entered Level 1 of the Orcish Mines
 10773 | Orc:1    | Noticed a two-headed ogre
 10831 | D:10     | Killed a two-headed ogre
 11254 | Orc:1    | Found a runed translucent door.
 11370 | Orc:1    | Noticed an orc knight
 11394 | Orc:2    | Entered Level 2 of the Orcish Mines
 11394 | Orc:2    | Noticed SensoryNuts's ghost (journeyman HOFi)
 11394 | Orc:2    | Noticed a two-headed ogre
 11394 | Orc:2    | Found a runed translucent gate.
 11394 | Orc:2    | Found a runed translucent gate.
 11394 | Orc:2    | Found a runed translucent gate.
 11667 | Orc:1    | Reached XP level 12. HP: 107/107 MP: 11/11
 11812 | Orc:2    | Noticed Josephine
 11818 | Orc:1    | Reached skill level 15 in Axes
 11991 | Orc:1    | Killed a two-headed ogre
 11992 | Orc:1    | Killed Josephine
 12105 | Orc:2    | Reached skill level 5 in Evocations
 12730 | Orc:2    | Found a staircase to the Elven Halls.
 12913 | Orc:1    | Found Souruc's Weapon Boutique.
 13292 | Orc:2    | Paralysed by an orc sorcerer for 5 turns
 13307 | Orc:2    | Noticed an orc high priest
 13311 | Orc:2    | Noticed an orc high priest
 13315 | Orc:2    | Killed an orc high priest
 13331 | Orc:1    | Reached skill level 16 in Axes
 13688 | Orc:2    | Noticed an orc high priest
 13699 | Orc:2    | Killed an orc high priest
 13949 | Orc:2    | Killed an orc high priest
 14651 | Orc:2    | Found Moalameu's Armour Shoppe.
 14651 | Orc:2    | Found Lelytouk's Armour Shoppe.
 14652 | Orc:2    | Found Viutueh's Distillery.
 14652 | Orc:2    | Found Xeudwe's Distillery.
 14662 | Orc:2    | Bought a potion of degeneration for 10 gold pieces
 14662 | Orc:2    | Bought a potion of haste for 100 gold pieces
 14662 | Orc:2    | Bought a potion of attraction for 30 gold pieces
 14662 | Orc:2    | Bought a potion of might for 40 gold pieces
 14662 | Orc:2    | Bought a potion of lignification for 30 gold pieces
 14662 | Orc:2    | Bought a potion of cancellation for 80 gold pieces
 14671 | Orc:2    | Bought a potion of curing for 42 gold pieces
 14671 | Orc:2    | Bought a potion of curing for 42 gold pieces
 14671 | Orc:2    | Bought a potion of heal wounds for 70 gold pieces
 14671 | Orc:2    | Bought a potion of heal wounds for 70 gold pieces
 14772 | Orc:2    | Killed SensoryNuts's ghost
 14776 | Orc:2    | Reached XP level 13. HP: 118/118 MP: 12/12
 15484 | D:10     | Found a staircase to the Lair.
 15604 | D:10     | Found Daxof's Antique Armour Boutique.
 15619 | D:10     | Bought an embroidered scarf for 200 gold pieces
 15619 | D:10     | Bought an embroidered hat for 175 gold pieces
 16119 | D:10     | Noticed a fire dragon
 16248 | D:10     | Killed a fire dragon
 16249 | D:10     | Reached skill level 17 in Axes
 16363 | D:10     | Paralysed by an ogre mage for 2 turns
 16581 | Lair:1   | Entered Level 1 of the Lair of Beasts
 16638 | Lair:1   | Identified the +0 scale mail "Soaf" {*Slow rC+ Str+5}
 17249 | Lair:1   | Noticed Erica
 17255 | Lair:1   | Killed Erica
 17256 | Lair:1   | Reached skill level 15 in Ranged Weapons
 17413 | Lair:1   | Noticed Gastronok
 17420 | Lair:1   | Killed Gastronok
 17792 | Lair:2   | Found a staircase to the Shoals.
 18308 | Lair:2   | Found a hole to the Spider Nest.
 18396 | Lair:2   | Reached skill level 1 in Throwing
 19215 | Lair:3   | Reached XP level 14. HP: 87/129 MP: 13/13
 20340 | Lair:4   | Reached skill level 18 in Axes
 20520 | Lair:4   | Found a staircase to the Slime Pits.
 21387 | Lair:5   | Entered Level 5 of the Lair of Beasts
 21471 | Lair:4   | Reached skill level 5 in Armour
 22244 | Lair:5   | Found a runed translucent door.
 22441 | Lair:5   | Reached XP level 15. HP: 113/137 MP: 14/14
 22801 | Lair:5   | Found a blossoming altar of Fedhas.
 23310 | Lair:5   | Reached skill level 19 in Axes
 23551 | Lair:5   | Reached ***** piety under Trog
 24695 | D:11     | Reached skill level 5 in Throwing
 25191 | D:11     | Found Orinar's Antique Weapon Shoppe.
 25646 | D:12     | Identified the +4 hand axe "Plog" {elec, Int+4}
 25944 | D:12     | Found a frozen archway.
 25952 | IceCv    | Entered an ice cave
 25982 | IceCv    | Received a gift from Trog
 26180 | IceCv    | Noticed a frost giant
 26190 | IceCv    | Killed a frost giant
 27438 | D:13     | Paralysed by a floating eye for 4 turns
 27551 | D:13     | Paralysed by a floating eye for 4 turns
 28147 | D:13     | Reached skill level 20 in Axes
 28147 | D:13     | Reached XP level 16. HP: 134/147 MP: 15/15
 29063 | D:14     | Found a gate to the Vaults.
 29140 | D:14     | Noticed Nessos
 29141 | D:14     | Noticed Nessos
 29141 | D:14     | Nessos changed into Nessos the cyclops
 29151 | D:14     | Killed Nessos the cyclops
 29528 | D:14     | Noticed Jorgrun
 29549 | D:14     | Killed Jorgrun
 29993 | D:14     | Noticed Snorg
 30005 | D:14     | Killed Snorg
 30485 | D:15     | Entered Level 15 of the Dungeon
 30713 | D:15     | Found a staircase to the Depths.
 30803 | D:15     | Noticed Rupert
 30807 | D:15     | Killed Rupert
 31151 | D:15     | Noticed Louise
 31160 | D:15     | Killed Louise
 31958 | D:2      | Killed Crazy Yiuf
 31963 | D:2      | Upgraded the game from 0.30-a0-23-ge60ba3568b to
                  | 0.30-a0-29-g142975f185
 32152 | Elf:1    | Entered Level 1 of the Elven Halls
 32161 | Elf:1    | Reached skill level 15 in Fighting
 32162 | Elf:1    | Paralysed by an air elemental for 1 turns
 32205 | Elf:1    | Noticed Kirke
 32239 | Elf:1    | Killed Kirke
 32598 | Elf:1    | Gained mutation: You have supernaturally acute eyesight.
                  | (SInv) [potion of mutation]
 32598 | Elf:1    | Gained mutation: Your system is resistant to poisons.
                  | (rPois) [potion of mutation]
 32792 | Spider:1 | Entered Level 1 of the Spider Nest
 33684 | Spider:1 | Reached skill level 21 in Axes
 34194 | Spider:1 | HP: 2/223 [spark wasp/living lightning (31)]
 34196 | Spider:1 | Reached skill level 10 in Evocations
 35044 | Spider:2 | Reached skill level 1 in Stealth
 35350 | Spider:2 | Reached XP level 17. HP: 156/156 MP: 12/16
 37463 | Spider:3 | Reached ****** piety under Trog
 37467 | Spider:3 | Received a gift from Trog
 38127 | Spider:4 | Entered Level 4 of the Spider Nest
 38655 | Spider:4 | Reached skill level 22 in Axes
 38983 | Spider:4 | Reached skill level 5 in Dodging
 39525 | Spider:4 | Received a gift from Trog
 40632 | Spider:4 | HP: 6/159 [emperor scorpion (27)]
 40632 | Spider:4 | Mangled by a spark wasp

Illustrated notes

Levels and vault maps discovered:
D:1:      dpeg_arrival_court, layout_basic, serial_shops, nicolae_square_shop,
          corexii_corridor_pit, skrybe_limestone_x, minmay_misc_feat_alley,
          minmay_misc_feat_diagonals
D:2:      layout_loops_cross, hellmonk_ecumenical_altar_crossroads,
          serial_shops, nicolae_diamond_shop, feat_on_display,
          uniq_crazy_yiuf_cottage
D:3:      layout_loops_ring, amcnicky_altar_gilded,
          minmay_overflow_temple_star_quad
D:4:      layout_rooms, nemelex_xobeh_ov_fountains_minmay,
          nicolae_tso_besieged_by_evil, mainiacjoe_overflow_boulevard,
          cheibrodos_sewer_entry_drain, dreamdust_gnoll_farm, uniq_eustachio
D:5:      layout_basic, lemuel_mausoleum_altar_kikubaaqudgha, uniq_sigmund
D:6:      layout_gridville, lemuel_round_altar,
          gammafunk_temple_overflow_elements,
          mainiacjoe_overflow_concentric_impassable,
          minmay_temple_entry_statues_pillars, nicolae_specific_store
D:7:      layout_basic, minmay_misc_feat_four_crosses, eino_tiny_chamber
D:8:      gammafunk_beogh_shrine, layout_layer_cave, serial_park_tiny_1,
          uniq_prince_ribbit1
D:9:      nzn_winding_woodlands_large [nzn_winding_woodlands_5x5_checkerboard,
          nzn_winding_woodlands_5x15_lazy_stream,
          nzn_winding_woodlands_5x5_closed_star,
          nzn_winding_woodlands_center_lodge,
          nzn_winding_woodlands_15x15_boxy_spiral,
          nzn_winding_woodlands_center_garden,
          nzn_winding_woodlands_5x5_perimeter,
          nzn_winding_woodlands_5x15_sidewinder,
          nzn_winding_woodlands_5x5_default], layout_basic,
          nicolae_transporter_intersection, uniq_psyche
D:10:     minmay_slanted_spiral_squares, layout_stronghold, erik_lair_island,
          orc_0_dummy, serial_shops, nicolae_shop_competitors_out_of_business
D:11:     layout_loops_corners, serial_shops, nicolae_shop_trees
D:12:     layout_basic, portal_ice_cave_entry_pillars_2, nicolae_benzene_ring
D:13:     layout_long_grid, onia_ninara_cookie
D:14:     layout_roguey, david_vaults_2, uniq_snorg, uniq_jorgrun, uniq_nessos
D:15:     grunt_enter_depths_magical_seal, layout_basic, minivault_27,
          minmay_misc_feat_secret_circle, uniq_louise, uniq_rupert
Lair:1:   layout_long_grid, uniq_gastronok, uniq_erica
Lair:2:   layout_cave_shapes, minmay_shoals_entry_hut, spider_nest_entry_a,
          guppyfry_lair_drakes, grunt_megastairs_5
Lair:3:   layout_small_grid
Lair:4:   layout_concentric_octagons, nicolae_slime_entry_slimehenge,
          roderic_batcave, lemuel_fruit_fields
Lair:5:   wormcave, layout_cave_shapes, hangedman_lair_caniforms_friends,
          chequers_serial_rivers_small_3, tgw_fedhas, serial_bayou_shore_b
Spider:1: layout_spider_delve, nicolae_spider_twisty_arc_passages
Spider:2: layout_spider_delve, nicolae_spider_nooks_and_crannies
Spider:3: layout_spider_delve, special_room [special_room_bee],
          nicolae_spider_stair_cavern
Spider:4: spider_rune_water
Orc:1:    layout_caves, basic_altar, serial_shops, shop, lightli_church_of_beogh
Orc:2:    st_orc_elflike, layout_caves, gammafunk_ghost_split,
          gauntlet_entry_generic, uniq_josephine
Elf:1:    nicolae_elf_arrival_aired_out, layout_loops_cross,
          hangedman_elf_disciples, uniq_kirke

Skill      XL: |  1  2  3  4  5  6  7  8  9 10 11 12 13 14 15 16 17 |
---------------+----------------------------------------------------+-----
Axes           | 4 5 6 7 8 10 11 13 14 16 17 18 20 21 22 | 22.4
Fighting       | 4 5 6 7 8 9 10 12 13 14 15 16 | 16.4
Ranged Weapons | 2 3 5 7 9 11 12 14 15 16 17 18 | 18.0
Evocations     | 2 4 6 7 8 9 10 | 10.8
Throwing       | 2 4 6 7 |  7.5
Armour         | 3 6 7 9 |  9.4
Stealth        | 1 4 |  4.3
Dodging        | 5 |  5.8

Action                   |  1- 3 |  4- 6 |  7- 9 | 10-12 | 13-15 | 16-18 || total
-------------------------+-------+-------+-------+-------+-------+-------++-------
Melee: Hand axe          |    62 |       |       |       |       |       ||    62
       Headbutt          |    13 |    19 |    33 |    66 |   196 |   144 ||   471
       Trident           |    21 |   124 |       |       |       |       ||   145
       Morningstar       |       |     7 |    93 |       |       |       ||   100
       Battleaxe         |       |       |   149 |   379 |   814 |   475 ||  1817
       Scimitar          |       |       |       |       |    36 |       ||    36
       Punch             |       |       |       |       |     2 |       ||     2
       Executioner's axe |       |       |       |       |       |   220 ||   220
 Fire: Sling             |       |    13 |    14 |       |       |       ||    27
       Shortbow          |       |       |    40 |    41 |       |       ||    81
       Arbalest          |       |       |       |    24 |   211 |   121 ||   356
Throw: Stone             |       |     2 |       |     2 |       |       ||     4
       Javelin           |       |       |     3 |     1 |    14 |     8 ||    26
       Dart              |       |       |       |       |    14 |    99 ||   113
Invok: Berserk           |     2 |     3 |     8 |    30 |    16 |    18 ||    77
       Trog's Hand       |       |     3 |     4 |    23 |    28 |    19 ||    77
Evoke: Wand              |       |       |       |    17 |     6 |    26 ||    49
       Lightning rod     |       |       |       |     8 |       |       ||     8
       Tin of tremorston |       |       |       |     2 |     2 |     3 ||     7
  Use: Scroll            |     2 |     6 |     2 |    14 |    18 |     8 ||    50
       Potion            |       |       |       |     4 |     1 |    16 ||    21
 Stab: Sleeping          |     1 |       |       |       |       |       ||     1
       Invisible         |       |       |       |       |     1 |       ||     1
Armor: Animal skin       |     5 |       |       |       |       |       ||     5
       Chain mail        |    12 |    32 |    94 |    18 |       |       ||   156
       Plate armour      |       |       |       |   168 |   477 |   538 ||  1183
Dodge: Dodged            |    52 |    89 |   218 |   310 |   591 |   617 ||  1877
       Repelled          |       |       |       |       |     8 |       ||     8
Block: Other             |       |       |    33 |    98 |   205 |    85 ||   421
       Reflection        |       |       |     1 |     6 |     8 |     3 ||    18

Table legend: (Time is in decaauts)
 A = Elapsed time spent in this place.
 B = Non-inter-level travel time spent in this place.
 C = Inter-level travel time spent in this place.
 D = Time resting spent in this place.
 E = Time spent auto-exploring this place.
 F = Levels seen in this place.
 G = Mean time per level.
                   A        B        C        D        E       F      G
               +--------+--------+--------+--------+--------+-----+--------+
         Total |  41190 |  39445 |   1745 |  13453 |  18768 |  29 | 1420.3 |
       Dungeon |  20219 |  19047 |   1172 |   4564 |  11246 |  15 | 1347.9 |
          Lair |   7605 |   7271 |    334 |   1819 |   4196 |   5 | 1521.0 |
   Spider Nest |   7697 |   7623 |     74 |   4083 |   2215 |   4 | 1924.2 |
  Orcish Mines |   4077 |   3940 |    137 |   2304 |    606 |   2 | 2038.5 |
   Elven Halls |    478 |    452 |     26 |    226 |    124 |   1 |  478.0 |
         Sewer |    142 |    142 |      0 |     48 |     51 |   1 |  142.0 |
      Ice Cave |    969 |    969 |      0 |    406 |    328 |   1 |  969.0 |
               +--------+--------+--------+--------+--------+-----+--------+

Top non-repeatable levels by time:
Spider:1: 2720 daAuts
     D:9: 2628 daAuts
    D:10: 2465 daAuts
   Orc:1: 2049 daAuts
   Orc:2: 2028 daAuts
Spider:4: 2016 daAuts
  Lair:5: 1992 daAuts
Spider:3: 1910 daAuts
    D:13: 1835 daAuts
  Lair:4: 1648 daAuts
     D:5: 1587 daAuts
    D:14: 1539 daAuts
  Lair:3: 1375 daAuts
    D:11: 1345 daAuts
  Lair:2: 1317 daAuts
